PAA
MYRTLE BEACH MERMEN @ SPRINGFIELD SHOOTERS
07/27/2022
 
TOP OF THE 1ST
Myrtle Beach Mermen batting - Pitching for Springfield Shooters : RHP Johnny Wheeler
Pitching: RHP Johnny Wheeler
Batting: RHB Matt Love 0-0: Ball
1-0: Called Strike
1-1: SINGLE (Groundball, 56D)
Batting: LHB Arturo Acevedo 0-0: Ball
Matt Love steals 2nd base
1-0: Called Strike
1-1: DOUBLE (Line Drive, 9LM)
Matt Love scores
Batting: RHB Álex Rodríguez 0-0: Called Strike
0-1: Foul Ball, location: 2F
0-2: Ball
1-2: Ball
2-2: Fly out, F9 (Flyball, 9LM)
Batting: RHB Alfredo López 0-0: Ball
1-0: Foul Ball, location: 2F
1-1: DOUBLE (Flyball, 78D)
Arturo Acevedo scores
Batting: LHB Joe Cashmore 0-0: Ball
1-0: Foul Ball, location: 2F
1-1: Ball
2-1: Fly out, F8 (Flyball, 8RS)
Batting: RHB Javier Robles 0-0: Swinging Strike
0-1: Swinging Strike
0-2: Ball
1-2: Ball
2-2: Foul Ball, location: 2F
2-2: Ball
3-2: Ground out 5-3 (Groundball, 56)
Top of the 1st over - 2 run(s), 3 hit(s), 0 error(s), 1 left on base; Myrtle Beach 2 - Springfield 0
BOTTOM OF THE 1ST
Springfield Shooters batting - Pitching for Myrtle Beach Mermen : RHP Juan Martínez
Pitching: RHP Juan Martínez
Batting: RHB Sean Godron 0-0: Ball
1-0: Ball
2-0: Called Strike
2-1: SINGLE (Line Drive, 6D)
Batting: RHB Roy Herring 0-0: Called Strike
Sean Godron is caught stealing 2nd base
0-1: Ball
1-1: Called Strike
1-2: SINGLE (Groundball, 56D)
Batting: RHB Tom Potts 0-0: Ball
1-0: Ball
2-0: TRIPLE (Line Drive, 7LM)
Roy Herring scores
Batting: RHB José López 0-0: Called Strike
0-1: Ball
1-1: Ball
2-1: Fly out, F8 (Flyball, 8LXD)
Runner from 3rd tags up, SCORES, no throw
Batting: RHB Ethan Miller 0-0: Called Strike
0-1: Swinging Strike
0-2: Foul Ball, location: 2F
0-2: Ball
1-2: Ground out 5-3 (Groundball, 56)
Bottom of the 1st over - 2 run(s), 3 hit(s), 0 error(s), 0 left on base; Myrtle Beach 2 - Springfield 2
TOP OF THE 2ND
Myrtle Beach Mermen batting - Pitching for Springfield Shooters : RHP Johnny Wheeler
Batting: SHB Val Brown 0-0: Ball
1-0: Called Strike
1-1: Ball
2-1: Swinging Strike
2-2: Foul Ball, location: 2F
2-2: Ball
3-2: Base on Balls
Batting: RHB José Caballero 0-0: Fly out, F9 (Flyball, 9M)
Batting: RHB Ryan Carr 0-0: Ball
1-0: Ball
2-0: Ball
3-0: Base on Balls
Val Brown to second
Batting: RHB Matt Love 0-0: Foul Ball, location: 2F
0-1: Foul Ball, location: 2F
0-2: Foul Ball, location: 2F
0-2: Ball
1-2: SINGLE (Groundball, 5D)
Val Brown to third
Ryan Carr to second
Runner from 3rd tries for Home, SAFE, throw made home
Ryan Carr to third
Matt Love to second
Batting: LHB Arturo Acevedo 0-0: Ground out 1-3 (Groundball, 15S)
Batting: RHB Álex Rodríguez 0-0: SINGLE (Line Drive, 34)
Ryan Carr scores
Matt Love to third
Runner from 3rd tries for Home, SAFE, no throw or cutoff
Batting: RHB Alfredo López 0-0: Ball
1-0: Ball
2-0: Foul Ball, location: 2F
2-1: Ball
3-1: Called Strike
3-2: Foul Ball, location: 2F
3-2: 2-RUN HOME RUN (Flyball, 78XD), Distance : 403 ft
Batting: LHB Joe Cashmore 0-0: Called Strike
0-1: Ball
1-1: Ball
2-1: Swinging Strike
2-2: Ball
3-2: Base on Balls
Batting: RHB Javier Robles 0-0: SINGLE (Line Drive, 7S)
Joe Cashmore to second
Batting: SHB Val Brown 0-0: Ball
1-0: Ball
2-0: Ball
3-0: Base on Balls
Joe Cashmore to third
Javier Robles to second
Batting: RHB José Caballero 0-0: Foul Ball, location: 2F
0-1: Foul Ball, location: 2F
0-2: Fly out, F7 (Flyball, 78S)
Top of the 2nd over - 5 run(s), 4 hit(s), 0 error(s), 3 left on base; Myrtle Beach 7 - Springfield 2
BOTTOM OF THE 2ND
Springfield Shooters batting - Pitching for Myrtle Beach Mermen : RHP Juan Martínez
Batting: RHB Frank Crocker 0-0: Called Strike
0-1: Swinging Strike
0-2: Strikes out swinging
Batting: LHB Ray Anderson 0-0: Called Strike
0-1: Foul Ball, location: 2F
0-2: Ball
1-2: DOUBLE (Line Drive, 3D)
Batting: RHB Roberto Alonzo 0-0: Called Strike
0-1: Ball
1-1: Ground out 1-3 (Groundball, 23)
Ray Anderson to third
Batting: SHB Jack Bell 0-0: Foul Ball, location: 2F
0-1: Ball
1-1: Fly out, F7 (Flyball, 8LM)
Bottom of the 2nd over - 0 run(s), 1 hit(s), 0 error(s), 1 left on base; Myrtle Beach 7 - Springfield 2
TOP OF THE 3RD
Myrtle Beach Mermen batting - Pitching for Springfield Shooters : RHP Johnny Wheeler
Batting: RHB Ryan Carr 0-0: Called Strike
0-1: Foul Ball, location: 2F
0-2: SINGLE (Flyball, 8LS)
Batting: RHB Matt Love 0-0: Grounds into double play, 5-4-3 (Groundball, 5)
Batting: LHB Arturo Acevedo 0-0: Fly out, F8 (Flyball, 8RM)
Top of the 3rd over - 0 run(s), 1 hit(s), 0 error(s), 0 left on base; Myrtle Beach 7 - Springfield 2
BOTTOM OF THE 3RD
Springfield Shooters batting - Pitching for Myrtle Beach Mermen : RHP Juan Martínez
Batting: RHB Sean Godron 0-0: Ball
1-0: Ball
2-0: Ball
3-0: Called Strike
3-1: Base on Balls
Batting: RHB Roy Herring 0-0: Called Strike
0-1: Ball
1-1: Swinging Strike
1-2: Ball
2-2: Foul Ball, location: 2F
2-2: Ground out 5-3 (Groundball, 5S)
Sean Godron to second
Batting: RHB Tom Potts 0-0: Ball
1-0: Ball
2-0: Fly out, F7 (Flyball, 7M)
Batting: RHB José López 0-0: Called Strike
0-1: Ball
1-1: Fly out, F8 (Flyball, 8RD)
Bottom of the 3rd over - 0 run(s), 0 hit(s), 0 error(s), 1 left on base; Myrtle Beach 7 - Springfield 2
TOP OF THE 4TH
Myrtle Beach Mermen batting - Pitching for Springfield Shooters : RHP Johnny Wheeler
Pitching: RHP Landon Larson
Batting: RHB Álex Rodríguez 0-0: Foul Ball, location: 2F
0-1: Ball
1-1: Foul Ball, location: 2F
1-2: Strikes out looking
Batting: RHB Alfredo López 0-0: Ball
1-0: Foul Ball, location: 2F
1-1: Ball
2-1: Foul Ball, location: 2F
2-2: DOUBLE (Line Drive, 78D) - OUT at third base trying to stretch hit.
Batting: LHB Joe Cashmore 0-0: Called Strike
0-1: SINGLE (Groundball, 34D)
Batting: RHB Javier Robles 0-0: Called Strike
0-1: Ball
1-1: Ground out 5-3 (Groundball, 56S)
Top of the 4th over - 0 run(s), 2 hit(s), 0 error(s), 1 left on base; Myrtle Beach 7 - Springfield 2
BOTTOM OF THE 4TH
Springfield Shooters batting - Pitching for Myrtle Beach Mermen : RHP Juan Martínez
Batting: RHB Ethan Miller 0-0: Called Strike
0-1: Ball
1-1: Swinging Strike
1-2: SINGLE (Groundball, 34D)
Batting: RHB Frank Crocker 0-0: Ball
1-0: Swinging Strike
1-1: Ball
2-1: Grounds into double play, 4-6-3 (Groundball, 4)
Batting: LHB Ray Anderson 0-0: Ball
1-0: SINGLE (Line Drive, 9LM)
Batting: RHB Roberto Alonzo 0-0: Ball
1-0: Foul Ball, location: 2F
1-1: Foul Ball, location: 2F
1-2: Ball
2-2: SINGLE (Line Drive, 7S)
Ray Anderson to second
Batting: SHB Jack Bell 0-0: Called Strike
0-1: SINGLE (Groundball, 3L)
Ray Anderson to third
Roberto Alonzo to second
Runner from 3rd tries for Home, SAFE, no throw or cutoff
Batting: RHB Sean Godron 0-0: Swinging Strike
0-1: Called Strike
0-2: Ball
1-2: Ball
2-2: Fly out, F8 (Line Drive, 8LM)
Bottom of the 4th over - 1 run(s), 4 hit(s), 0 error(s), 2 left on base; Myrtle Beach 7 - Springfield 3
TOP OF THE 5TH
Myrtle Beach Mermen batting - Pitching for Springfield Shooters : RHP Landon Larson
Batting: SHB Val Brown 0-0: Called Strike
0-1: Swinging Strike
0-2: Ball
1-2: Strikes out looking
Batting: RHB José Caballero 0-0: Ball
1-0: Swinging Strike
1-1: Ball
2-1: Foul Ball, location: 2F
2-2: Ground out 4-3 (Groundball, 34)
Batting: RHB Ryan Carr 0-0: Hit by Pitch
Batting: RHB Matt Love 0-0: Fly out, F4 (Line Drive, 34)
Top of the 5th over - 0 run(s), 0 hit(s), 0 error(s), 1 left on base; Myrtle Beach 7 - Springfield 3
BOTTOM OF THE 5TH
Springfield Shooters batting - Pitching for Myrtle Beach Mermen : RHP Juan Martínez
Batting: RHB Roy Herring 0-0: Ball
1-0: Called Strike
1-1: Ball
2-1: SINGLE (Line Drive, 8RS)
Batting: RHB Tom Potts 0-0: Ball
1-0: Ball
2-0: Ball
3-0: Called Strike
3-1: Swinging Strike
3-2: Base on Balls
Roy Herring to second
Batting: RHB José López 0-0: Called Strike
0-1: Fly out, F7 (Flyball, 78M)
Batting: RHB Ethan Miller 0-0: Ball
1-0: Ball
2-0: Called Strike
2-1: Fly out, F7 (Line Drive, 7M)
Batting: RHB Frank Crocker 0-0: Ball
1-0: Ball
2-0: Called Strike
2-1: DOUBLE (Line Drive, 9LS)
Roy Herring scores
Tom Potts to third
Runner from 3rd tries for Home, SAFE, no throw or cutoff
Batting: LHB Ray Anderson 0-0: Ball
1-0: Foul Ball, location: 2F
1-1: Swinging Strike
1-2: SINGLE (Groundball, 4MD) (infield hit)
Frank Crocker to third
Batting: RHB Roberto Alonzo 0-0: DOUBLE (Groundball, 5L)
Frank Crocker scores
Ray Anderson to third
Runner from 3rd tries for Home, SAFE, no throw or cutoff
Pitching: LHP Jonathon Baker
Batting: SHB Jack Bell 0-0: Ground out 5-3 (Groundball, 56)
Bottom of the 5th over - 4 run(s), 4 hit(s), 0 error(s), 1 left on base; Myrtle Beach 7 - Springfield 7
TOP OF THE 6TH
Myrtle Beach Mermen batting - Pitching for Springfield Shooters : RHP Landon Larson
Batting: LHB Arturo Acevedo 0-0: Ball
1-0: Foul Ball, location: 2F
1-1: Ground out 6-3 (Groundball, 6)
Batting: RHB Álex Rodríguez 0-0: Swinging Strike
0-1: Ball
1-1: Called Strike
1-2: Ball
2-2: Ball
3-2: Strikes out looking
Batting: RHB Alfredo López 0-0: Ball
1-0: Called Strike
1-1: Foul Ball, location: 2F
1-2: SINGLE (Line Drive, 89S)
Batting: LHB Joe Cashmore 0-0: Swinging Strike
0-1: Foul Ball, location: 2F
Balk!
Alfredo López to second
0-2: Ball
1-2: Ball
2-2: Foul Ball, location: 2F
2-2: Foul Ball, location: 2F
2-2: Foul Ball, location: 2F
2-2: SINGLE (Line Drive, 7S)
Alfredo López to third
Runner from 3rd tries for Home, SAFE, no throw or cutoff
Batting: RHB Javier Robles 0-0: Foul Ball, location: 2F
0-1: Foul Ball, location: 2F
0-2: Foul Ball, location: 2F
0-2: Foul Ball, location: 2F
0-2: Ball
1-2: Ball
2-2: Fielders Choice at 2nd, U6 (Groundball, 6M)
Top of the 6th over - 1 run(s), 2 hit(s), 0 error(s), 1 left on base; Myrtle Beach 8 - Springfield 7
BOTTOM OF THE 6TH
Springfield Shooters batting - Pitching for Myrtle Beach Mermen : LHP Jonathon Baker
Batting: RHB Sean Godron 0-0: Ball
1-0: Fly out, F7 (Flyball, 78M)
Batting: RHB Roy Herring 0-0: Called Strike
0-1: Ground out 6-3 (Groundball, 6)
Batting: RHB Tom Potts 0-0: Swinging Strike
0-1: SINGLE (Groundball, 6MD) (infield hit)
Batting: RHB José López 0-0: Swinging Strike
0-1: Called Strike
0-2: Ball
1-2: Hit by Pitch
Tom Potts to second
Batting: RHB Ethan Miller 0-0: Called Strike
0-1: Ground out 5-3 (Groundball, 5)
Bottom of the 6th over - 0 run(s), 1 hit(s), 0 error(s), 2 left on base; Myrtle Beach 8 - Springfield 7
TOP OF THE 7TH
Myrtle Beach Mermen batting - Pitching for Springfield Shooters : RHP Landon Larson
Pitching: RHP Bryce Randolph
Batting: SHB Val Brown 0-0: DOUBLE (Flyball, 8LXD)
Batting: RHB José Caballero 0-0: Intentional Walk
Pinch Hitting: SHB Avery Little 0-0: Fly out, F6 (Popup, 6)
Batting: RHB Matt Love 0-0: Ball
1-0: Ground out 5-3 (Groundball, 56S)
Val Brown to third
José Caballero to second
Batting: LHB Arturo Acevedo 0-0: Ground out 4-3 (Groundball, 34)
Top of the 7th over - 0 run(s), 1 hit(s), 0 error(s), 2 left on base; Myrtle Beach 8 - Springfield 7
BOTTOM OF THE 7TH
Springfield Shooters batting - Pitching for Myrtle Beach Mermen : LHP Jonathon Baker
Now in RF: Avery Little
Batting: RHB Frank Crocker 0-0: Ball
1-0: Called Strike
1-1: Swinging Strike
1-2: Ball
2-2: Foul Ball, location: 2F
2-2: Ball
3-2: Base on Balls
Pinch Hitting: RHB Jack Sloan 0-0: Sac Bunt - play at second, runner OUT! 1-6
Batting: RHB Roberto Alonzo 0-0: Foul Ball, location: 2F
0-1: Grounds into double play, 4-6-3 (Groundball, 4)
Bottom of the 7th over - 0 run(s), 0 hit(s), 0 error(s), 0 left on base; Myrtle Beach 8 - Springfield 7
TOP OF THE 8TH
Myrtle Beach Mermen batting - Pitching for Springfield Shooters : RHP Bryce Randolph
Now in RF: Mike Neal
Batting: RHB Álex Rodríguez 0-0: Fly out, F8 (Flyball, 8RM)
Batting: RHB Alfredo López 0-0: Ball
1-0: Ball
2-0: Ball
3-0: Base on Balls
Batting: LHB Joe Cashmore 0-0: Ball
1-0: Called Strike
1-1: Grounds into double play, 6-4-3 (Groundball, 6)
Top of the 8th over - 0 run(s), 0 hit(s), 0 error(s), 0 left on base; Myrtle Beach 8 - Springfield 7
BOTTOM OF THE 8TH
Springfield Shooters batting - Pitching for Myrtle Beach Mermen : LHP Jonathon Baker
Batting: SHB Jack Bell 0-0: Ball
1-0: Swinging Strike
1-1: Ground out 6-3 (Groundball, 6)
Pitching: RHP Kenny Ryan
Batting: RHB Sean Godron 0-0: Called Strike
0-1: Foul Ball, location: 2F
0-2: Ball
1-2: Strikes out swinging
Batting: RHB Roy Herring 0-0: Ball
1-0: Called Strike
1-1: Called Strike
1-2: SINGLE (Line Drive, 6D)
Pinch Runner at 1st Javier Vásquez:
Batting: RHB Tom Potts 0-0: Swinging Strike
0-1: Ball
1-1: Swinging Strike
1-2: Ball
2-2: Ball
3-2: Base on Balls
Javier Vásquez to second
Batting: RHB José López 0-0: Called Strike
0-1: Ball
1-1: DOUBLE (Line Drive, 3D)
Javier Vásquez scores
Tom Potts to third
Batting: RHB Ethan Miller 0-0: Called Strike
0-1: Ball
1-1: Foul Ball, location: 2F
1-2: SINGLE (Groundball, 56D)
Tom Potts scores
José López to third
Runner from 3rd tries for Home, SAFE, no throw or cutoff
Pitching: LHP Pedro Aquino
Batting: RHB Frank Crocker 0-0: SINGLE (Groundball, 56D)
Ethan Miller to second
Batting: RHB Mike Neal 0-0: Foul Ball, location: 2F
0-1: Ball
1-1: Foul Ball, location: 2F
1-2: SINGLE (Groundball, 56D) (infield hit)
Ethan Miller to third
Frank Crocker to second
Batting: RHB Roberto Alonzo Balk!
Ethan Miller scores
Frank Crocker to third
Mike Neal to second
0-0: Called Strike
0-1: Foul Ball, location: 2F
0-2: Ball
1-2: Foul Ball, location: 2F
1-2: Foul Ball, location: 2F
1-2: Fly out, F5 (Popup, 5F)
Bottom of the 8th over - 4 run(s), 5 hit(s), 0 error(s), 2 left on base; Myrtle Beach 8 - Springfield 11
TOP OF THE 9TH
Myrtle Beach Mermen batting - Pitching for Springfield Shooters : RHP Bryce Randolph
Pitching: RHP Sun-taek Ch'oe
Now at SS: Javier Vásquez
Now in CF: Torquato Villani
Batting: RHB Javier Robles 0-0: Ball
1-0: Called Strike
1-1: Ball
2-1: Ball
3-1: Reached on error, E1 (Groundball, 13S)
Batting: SHB Val Brown 0-0: Ball
1-0: Called Strike
1-1: Ball
2-1: Called Strike
2-2: Ball
3-2: Base on Balls
Javier Robles to second
Batting: RHB José Caballero 0-0: Foul Ball, location: 2F
0-1: Called Strike
0-2: Ball
1-2: Foul Ball, location: 2F
1-2: Strikes out swinging
Batting: SHB Avery Little 0-0: Ball
1-0: Called Strike
1-1: 3-RUN HOME RUN (Flyball, 89XD), Distance : 404 ft
Pitching: RHP Rick Brewer
Batting: RHB Matt Love 0-0: Ball
1-0: Foul Ball, location: 2F
1-1: SINGLE (Line Drive, 9S)
Batting: LHB Arturo Acevedo 0-0: Ball
1-0: Ball
2-0: Foul Ball, location: 2F
2-1: Ball
3-1: Fly out, F7 (Flyball, 7LM)
Batting: RHB Álex Rodríguez 0-0: Called Strike
0-1: Ball
1-1: Ball
2-1: Called Strike
2-2: Ball
3-2: Strikes out looking
Top of the 9th over - 3 run(s), 2 hit(s), 1 error(s), 1 left on base; Myrtle Beach 11 - Springfield 11
BOTTOM OF THE 9TH
Springfield Shooters batting - Pitching for Myrtle Beach Mermen : LHP Pedro Aquino
Pinch Hitting: SHB Albert Santos 0-0: Ball
1-0: Ball
2-0: Ball
3-0: Called Strike
3-1: SINGLE (Flyball, 8LS)
Batting: LHB Torquato Villani 0-0: Called Strike
0-1: Ball
1-1: Ball
2-1: Ball
3-1: Sac Bunt - play at first, batter OUT! 1-3
Albert Santos to second
Batting: RHB Javier Vásquez 0-0: SINGLE (Line Drive, 56)
Albert Santos to third
Batting: RHB Tom Potts 0-0: Ball
1-0: Called Strike
1-1: Swinging Strike
1-2: Strikes out swinging
Batting: RHB José López 0-0: Swinging Strike
0-1: Ball
1-1: Fly out, F9 (Flyball, 9LM)
Bottom of the 9th over - 0 run(s), 2 hit(s), 0 error(s), 2 left on base; Myrtle Beach 11 - Springfield 11
TOP OF THE 10TH
Myrtle Beach Mermen batting - Pitching for Springfield Shooters : RHP Rick Brewer
Now at SS: Albert Santos
Batting: RHB Alfredo López 0-0: Ball
1-0: Ball
2-0: Foul Ball, location: 2F
2-1: SINGLE (Flyball, 89S)
Batting: LHB Joe Cashmore 0-0: Ball
1-0: Ball
2-0: Ball
3-0: Called Strike
3-1: Foul Ball, location: 2F
3-2: DOUBLE (Line Drive, 9LS)
Alfredo López to third
Pinch Hitting: RHB Jim Unknown 0-0: Intentional Walk
Batting: SHB Val Brown 0-0: Called Strike
0-1: Foul Ball, location: 2F
0-2: Fly out, F7 (Flyball, 7M)
Runner from 3rd tags up, OUT at HOME
Joe Cashmore to third
Jim Unknown to second
Batting: RHB José Caballero 0-0: Ball
1-0: SINGLE (Line Drive, 6MD)
Joe Cashmore scores
Jim Unknown to third
Runner from 3rd tries for Home, SAFE, no throw or cutoff
Batting: SHB Avery Little 0-0: Called Strike
0-1: Ball
Wild Pitch!
José Caballero to second
1-1: SINGLE (Groundball, 25) (infield hit)
José Caballero to third
Batting: RHB Matt Love 0-0: Foul Ball, location: 2F
0-1: Called Strike
0-2: Foul Ball, location: 2F
0-2: Ground out 5-3 (Groundball, 5S)
Top of the 10th over - 2 run(s), 4 hit(s), 0 error(s), 2 left on base; Myrtle Beach 13 - Springfield 11
BOTTOM OF THE 10TH
Springfield Shooters batting - Pitching for Myrtle Beach Mermen : LHP Pedro Aquino
Pitching: RHP Manuel Carrión
Now at 2B: Jim Unknown
Batting: RHB Ethan Miller 0-0: Foul Ball, location: 2F
0-1: Ball
1-1: Ball
2-1: Ball
3-1: Base on Balls
Pinch Hitting: RHB Jim Unknown 0-0: Called Strike
0-1: Called Strike
0-2: Foul Ball, location: 2F
0-2: Ball
1-2: Ball
2-2: Foul Ball, location: 2F
2-2: Fielders Choice at 2nd, 5-4 (Groundball, 56)
Batting: RHB Mike Neal 0-0: Ball
1-0: Swinging Strike
1-1: Ball
2-1: Called Strike
2-2: Ball
3-2: Foul Ball, location: 2F
3-2: Strikes out swinging
Pinch Hitting: LHB Ismael Dolit 0-0: Ball
1-0: Called Strike
1-1: Fly out, F8 (Flyball, 8LM)
Bottom of the 10th over - 0 run(s), 0 hit(s), 0 error(s), 1 left on base; Myrtle Beach 13 - Springfield 11
This league is powered by Out of the Park Baseball, the baseball management simulation game for PC, Mac and Linux
Friday, April 15th, 2016 - OOTP Baseball 16.9 Build 39